Map: Blackburn LE

Players

JimRising

  • Race: Zerg Zerg

Ryu - Winner!

  • Race: Zerg Zerg

Event: DreamHack SC2 Masters 2021 Winter

VOD

Have the link to the VOD?

Description

Time

  • Played on: Sept. 30, 2021, 4:21 p.m.
  • Length: 13:54

All games in this series

Show
View Real Time Build Order
Export as new Build Order

JimRising Zerg 

Build Orders: Hatch First, Roach Nydus 

Get SALT Encoding   

  12  0:00  Drone  
  13  0:12  Overlord  
  13  0:20  Drone  
  14  0:30  Drone x2  
  16  0:51  Drone, Hatchery  
  16  0:55  Drone  
  17  0:58  Drone  
  18  1:04  Extractor  
  17  1:16  Spawning Pool  
  17  1:17  Drone  
  17  1:21  Drone  
  18  1:27  Drone  
  19  1:40  Drone  
  20  1:49  Drone  
  21  2:00  Overlord  
  21  2:02  Queen  
  21  2:03  Queen  
  25  2:10  Drone x2  
  25  2:13  Drone  
  28  2:21  Drone  
  29  2:24  Zergling x2  
  30  2:32  Overlord  
  30  2:34  Drone  
  31  2:38  Queen  
  31  2:42  Overlord  
  33  2:53  Overlord  
  33  2:54  Drone  
  34  3:00  Drone  
  34  3:04  Drone  
  36  3:05  Evolution Chamber  
  35  3:15  Drone x6  
  35  3:16  Drone  
  35  3:17  Lair  
  42  3:25  Drone x2  
  43  3:30  Drone, Roach Warren  
  43  3:36  Evolution Chamber  
  42  3:41  Extractor x2  
  42  3:42  Drone x2  
  42  3:49  Drone x4  
  42  3:55  Drone  
  47  3:56  Zerg Missile Weapons Level 1  
  47  4:09  Overlord  
  47  4:10  Overlord  
  47  4:12  Drone  
  47  4:13  Drone x3, Extractor  
  47  4:15  Glial Reconstitution  
  50  4:17  Roach  
  50  4:21  Roach  
  50  4:23  Roach  
  50  4:24  Roach  
  58  4:31  Nydus Network  
  57  4:33  Roach  
  57  4:35  Roach  
  57  4:38  Roach  
  63  4:41  Overlord  
  63  4:47  Roach x2  
  63  4:50  Roach  
  69  4:53  Overlord  
  69  5:00  Drone x2  
  71  5:10  Drone x2  
  71  5:12  Roach x4  
  81  5:24  Hatchery  
  84  5:28  Roach x2  
  84  5:29  Roach  
  84  5:34  Overlord  
  84  5:35  Overlord  
  86  5:38  Overlord  
  86  5:44  Overlord  
  86  5:46  Roach  
  88  5:53  Drone x3  
  91  5:57  Roach x2  
  91  6:00  Roach x2  
  91  6:02  Nydus Canal  
  99  6:05  Roach  
  101  6:11  Roach  
  101  6:12  Roach x2  
  107  6:19  Nydus Canal  
  107  6:21  Queen  
  107  6:26  Roach x3  
  107  6:29  Roach  
  111  6:35  Nydus Canal  
  111  6:37  Queen  
  109  6:41  Roach x2  
  113  6:50  Nydus Canal  
  113  6:54  Spore Crawler  
  112  6:56  Zerg Ground Armor Level 1, Spore Crawler  
  111  7:02  Drone x2  
  111  7:03  Spore Crawler  
  112  7:13  Hydralisk Den, Spore Crawler  
  112  7:15  Roach x3  
  114  7:18  Spore Crawler  
  114  7:22  Roach x3  
  109  7:33  Drone x3  
  109  7:34  Drone x5  
  114  7:40  Overlord  
  114  7:41  Spore Crawler  
  114  7:42  Overlord  
  113  7:49  Zerg Missile Weapons Level 2  
  113  7:54  Infestation Pit  
  112  8:02  Spore Crawler  
  110  8:09  Spore Crawler  
  110  8:10  Overlord  
  110  8:11  Overlord  
  108  8:16  Overlord  
  108  8:17  Overlord  
  103  8:28  Nydus Canal  
  101  8:37  Overlord x2  
  99  8:54  Queen  
  99  8:57  Hydralisk x6  
  99  8:58  Hydralisk  
  113  9:10  Drone  
  113  9:11  Overlord x2  
  113  9:14  Extractor  
  113  9:17  Spore Crawler  
  113  9:19  Spore Crawler  
  113  9:22  Overlord x2  
  111  9:32  Overlord  
  111  9:34  Pathogen Glands  
  111  9:35  Hydralisk  
  111  9:36  Overlord x2  
  113  9:44  Hydralisk x4  
  117  9:49  Hydralisk x2  
  107  10:02  Drone x2  
  107  10:03  Zerg Ground Armor Level 2  
  109  10:09  Drone x2  
  109  10:11  Drone x2  
  113  10:14  Drone  
  113  10:16  Drone  
  113  10:17  Drone  
  116  10:23  Drone  
  116  10:25  Hydralisk  
  116  10:26  Hydralisk  
  121  10:28  Grooved Spines  
  121  10:37  Infestor  
  121  10:38  Infestor  
  125  10:46  Drone x3  
  128  10:55  Drone x3  
  128  10:56  Extractor  
  130  10:58  Roach x6  
  130  10:59  Roach  
  130  11:02  Overseer  
  130  11:04  Drone  
  144  11:15  Overseer  
  144  11:18  Hydralisk x2, Hatchery  
  143  11:21  Hydralisk  
  149  11:27  Hydralisk  
  149  11:28  Overlord  
  149  11:29  Overlord  
  149  11:31  Overlord  
  151  11:38  Hydralisk  
  151  11:39  Overlord  
  153  11:48  Hive  
  153  11:59  Drone x6  
  153  12:00  Drone x7  
  166  12:07  Lurker Den  
  165  12:09  Drone x2  
  165  12:10  Extractor  
  165  12:14  Drone x3  
  167  12:23  Overlord x2  
  167  12:24  Hydralisk x2  
  170  12:34  Extractor  
  169  12:37  Extractor  
  169  12:42  Hydralisk x2, Hydralisk Den  
  169  12:43  Overseer  
  171  12:44  Pneumatized Carapace  
  171  12:49  Drone x3  
  171  12:50  Drone x3  
  177  12:54  Overseer  
  177  12:57  Queen  
  179  13:03  Overlord x2  
  179  13:17  Extractor  
  179  13:18  Drone x2  
  179  13:19  Drone  
  181  13:20  Spore Crawler  
  178  13:37  Hatchery, Extractor  
  178  13:38  Extractor  
Show
View Real Time Build Order
Export as new Build Order

Ryu Zerg - Winner!

Build Orders: Hatch First, Lurkers 

Get SALT Encoding   

  12  0:01  Drone  
  13  0:13  Overlord  
  13  0:17  Drone  
  14  0:31  Drone x2  
  16  0:50  Hatchery  
  16  0:52  Drone  
  16  0:55  Drone  
  17  0:59  Drone  
  18  1:04  Extractor  
  17  1:14  Spawning Pool  
  16  1:18  Drone  
  16  1:20  Drone  
  18  1:29  Drone  
  19  1:40  Drone  
  20  1:50  Overlord  
  20  2:01  Queen  
  20  2:02  Queen  
  20  2:03  Zergling x2  
  20  2:05  Drone  
  26  2:11  Drone  
  26  2:14  Metabolic Boost  
  27  2:16  Drone  
  28  2:23  Zergling x2  
  28  2:27  Drone  
  30  2:42  Hatchery  
  30  2:43  Drone x2  
  30  2:52  Baneling Nest  
  30  2:53  Zergling x2  
  30  2:55  Overlord  
  30  2:58  Drone  
  31  3:05  Drone  
  31  3:06  Drone  
  31  3:12  Zergling x2  
  34  3:13  Drone  
  34  3:14  Drone x2  
  37  3:21  Overlord  
  37  3:27  Overlord  
  37  3:29  Lair  
  37  3:37  Overlord  
  37  3:41  Drone x4  
  41  3:45  Extractor  
  41  3:46  Extractor  
  41  3:47  Drone x3  
  42  3:53  Drone x2  
  44  3:56  Drone x2  
  44  3:58  Drone  
  44  4:00  Drone  
  48  4:06  Queen  
  48  4:07  Extractor  
  49  4:10  Drone  
  49  4:11  Drone  
  51  4:19  Drone x2  
  51  4:20  Roach Warren  
  51  4:23  Extractor  
  51  4:24  Drone x2  
  51  4:25  Drone  
  54  4:33  Spire  
  54  4:34  Drone  
  54  4:36  Baneling  
  54  4:40  Drone x3  
  54  4:42  Zergling x2  
  58  4:48  Drone  
  58  4:49  Drone x2  
  58  4:52  Zergling x4  
  63  4:55  Zergling x4  
  63  4:57  Overlord  
  65  5:01  Overlord  
  65  5:06  Spine Crawler  
  63  5:10  Spine Crawler  
  63  5:12  Spine Crawler  
  62  5:18  Evolution Chamber, Spine Crawler  
  61  5:29  Evolution Chamber  
  61  5:32  Overlord x2  
  60  5:37  Drone x3  
  63  5:44  Overlord  
  63  5:45  Mutalisk x5  
  63  5:47  Overseer  
  74  5:55  Mutalisk  
  74  5:56  Mutalisk x2  
  80  6:00  Evolution Chamber  
  80  6:02  Extractor  
  78  6:04  Drone x3  
  78  6:07  Mutalisk  
  83  6:12  Mutalisk  
  83  6:16  Evolution Chamber  
  84  6:19  Mutalisk  
  84  6:23  Mutalisk  
  80  6:29  Evolution Chamber  
  80  6:32  Zergling x8  
  83  6:35  Roach x2  
  83  6:39  Mutalisk  
  85  6:46  Mutalisk  
  89  6:47  Zergling x6  
  89  6:53  Drone x2  
  93  6:55  Overlord  
  93  7:13  Zerg Missile Weapons Level 1  
  93  7:16  Overseer  
  93  7:36  Hatchery  
  92  7:37  Hatchery  
  92  7:44  Drone x4, Hydralisk Den  
  92  7:48  Roach x3  
  92  7:50  Overlord  
  92  7:51  Overlord  
  100  8:07  Evolution Chamber  
  100  8:09  Roach x5  
  108  8:17  Roach, Glial Reconstitution  
  109  8:22  Lurker Den  
  104  8:35  Hatchery  
  104  8:37  Roach x4  
  103  8:51  Drone x4  
  103  8:52  Drone  
  108  8:59  Drone x2  
  108  9:01  Drone x2  
  112  9:06  Hydralisk  
  114  9:14  Overlord x2  
  114  9:35  Hydralisk x2, Lurker  
  114  9:37  Hatchery  
  118  9:39  Overseer  
  112  9:46  Drone x4  
  112  9:52  Drone x2  
  116  9:54  Drone  
  116  9:57  Hydralisk  
  119  10:02  Infestation Pit, Lurker x2  
  116  10:07  Zerg Missile Weapons Level 2  
  116  10:09  Drone  
  117  10:21  Hydralisk x2  
  117  10:22  Hydralisk  
  117  10:24  Extractor  
  117  10:25  Extractor  
  121  10:28  Muscular Augments  
  121  10:33  Drone x3  
  121  10:34  Drone  
  125  10:40  Drone x2  
  125  10:41  Drone  
  125  10:42  Drone x2  
  130  10:43  Drone  
  131  10:50  Hive  
  131  10:52  Lurker  
  131  10:53  Lurker  
  131  10:55  Lurker x2  
  135  11:00  Drone x3  
  135  11:04  Drone x2  
  140  11:08  Hydralisk  
  142  11:17  Zerg Ground Armor Level 1  
  142  11:22  Hydralisk, Hatchery  
  142  11:24  Overlord x2  
  143  11:28  Overlord x2  
  143  11:40  Grooved Spines  
  143  11:43  Hydralisk  
  143  11:44  Hydralisk x6  
  157  11:48  Hydralisk x2  
  161  11:59  Overlord x4  
  161  12:09  Adaptive Talons  
  161  12:12  Overlord, Extractor  
  161  12:13  Pneumatized Carapace  
  161  12:14  Extractor  
  159  12:21  Lurker x2  
  159  12:22  Lurker x2  
  162  12:25  Viper x3  
  162  12:27  Overseer, Viper  
  174  12:31  Hydralisk  
  176  12:46  Hydralisk x6  
  186  12:52  Drone x3  
  186  12:57  Spine Crawler  
  186  12:58  Spine Crawler  
  187  13:01  Hydralisk  
  189  13:07  Hydralisk x2  
  193  13:15  Hydralisk x3  
  199  13:21  Drone x2, Extractor  

Tags
 
Add a new tag
Caveats
  • Supply blocks, unpowered buildings, or Contaminate may cause inaccurate times.
  • Supply counts are checked every 10 seconds.